 Dungeon Crawl Stone Soup version 0.24.0-37-gcf1ca852f1 (webtiles) character file.

Game seed: 16362654891925288853, levelgen mode: deterministic

44104 harcile the Severer (level 14, 0/127 HPs)
             Began as a Hill Orc Fighter on Dec 5, 2019.
             Was a High Priest of Trog.
             Slain by an eight-headed hydra (2 damage)
             ... on level 6 of the Lair of Beasts.
             The game lasted 00:49:35 (17313 turns).

harcile the Severer (Hill Orc Fighter)             Turns: 17313, Time: 00:49:35

Health: 0/127      AC: 10    Str: 22    XL:     14   Next: 27%
Magic:  14/14      EV: 10    Int: 13    God:    Trog [*****.]
Gold:   946        SH: 13    Dex: 12    Spells: 13/13 levels left

rFire    + . .     SeeInvis .   b - +0 scimitar (flame)
rCold    . . .     Gourm    .   c - +0 shield
rNeg     . . .     Faith    .   u - +3 chain mail {rF+}
rPois    .         Spirit   .   (no helmet)
rElec    .         Reflect  .   L - +0 cloak
rCorr    .         Harm     .   E - +0 pair of gloves
MR       +....                  (no boots)
Stlth    ..........             (no amulet)
HPRegen  0.31/turn              H - +2 ring of intelligence
MPRegen  0.14/turn              G - +3 ring of intelligence

@: about to teleport, corroded, mesmerised
A: no striking features
a: Berserk, Trog's Hand, Brothers in Arms, Renounce Religion


You were on level 6 of the Lair of Beasts.
You worshipped Trog.
Trog was extremely pleased with you.
You were not hungry.

You visited 3 branches of the dungeon, and saw 19 of its levels.
You also visited: Sewer.

You collected 946 gold pieces.

Inventory:

Hand Weapons
 a - the +9 hand axe "Vustoery" {freeze, rN+}
   (You found it on level 5 of the Dungeon)

   It has been specially enchanted to freeze those struck by it, causing extra
   injury to most foes and up to half again as much damage against particularly
   susceptible opponents.
   It can also slow down cold-blooded creatures.
   It protects you from negative energy.
 b - a +0 scimitar of flaming (weapon)
 w - a +4 great sword of holy wrath
Missiles
 r - a boomerang of dispersal (quivered)
Armour
 c - a +0 shield (worn)
 u - a +3 chain mail of fire resistance (worn)
 E - a +0 pair of gloves (worn)
 F - a +0 scale mail
 L - a +0 cloak (worn)
Magical Staves
 x - an uncursed staff of fire
Jewellery
 G - a +3 ring of intelligence (right hand)
 H - a +2 ring of intelligence (left hand)
Wands
 p - a wand of paralysis (15)
 t - a wand of enslavement (21)
 J - a wand of acid (12)
 K - a wand of digging (6)
Scrolls
 e - 2 scrolls of random uselessness
 g - 3 scrolls of enchant weapon
 i - 6 scrolls of teleportation
 j - 5 scrolls of remove curse
 k - 5 scrolls of blinking
 l - 4 scrolls of immolation
 m - a scroll of fear
 n - 2 scrolls of fog
 v - 14 scrolls of identify
 y - a scroll of summoning {unknown}
 D - 2 scrolls of magic mapping
Potions
 d - 3 potions of might
 h - 5 potions of haste
 o - 6 potions of curing
 s - 2 potions of lignification
 z - a potion of flight
 A - 2 potions of magic
Miscellaneous
 O - a lamp of fire
Comestibles
 f - 30 rations


   Skills:
 + Level 12.6 Fighting
 + Level 8.6 Long Blades
 + Level 15.4 Axes
 + Level 12.1 Armour
 + Level 5.1 Dodging
 + Level 2.1 Stealth
 + Level 12.3 Shields


You had 13 spell levels left.
You didn't know any spells.
Your spell library contained the following spells:

 Spells                   Type           Power        Failure   Level  Hunger
 Apportation              Tloc           #.....       94%         1    ##.....
 Corona                   Hex            #......      94%         1    ##.....
 Slow                     Hex            #.......     98%         2    ###....
 Inner Flame              Hex/Fire       #.......     100%        3    ####...
 Portal Projectile        Hex/Tloc       #.....       100%        3    ####...
 Cause Fear               Hex            #.........   100%        4    #####..
 Leda's Liquefaction      Hex/Erth       #.........   100%        4    #####..


Dungeon Overview and Level Annotations

Branches:
Dungeon (12/15)            Temple (1/1) D:6            Lair (6/6) D:9
  Swamp (0/4) Lair:2        Snake (0/4) Lair:2          Orc (0/2) D:12
  Sewer (visited)
  Slime: Lair:5-6

Altars:
Ashenzari
Cheibriados
Dithmenos
Elyvilon
Fedhas
Gozag
Hepliaklqana
Kikubaaqudgha
Makhleb
Nemelex Xobeh
Okawaru
Qazlal
Ru
Sif Muna
Trog
Uskayaw
Vehumet
Wu Jian
Xom
Yredelemnul
Zin
The Shining One
Beogh

Shops:
D:10 :

Annotations:
D:9 exclusion: oklob plant
Lair:6 exclusion: 4 oklob plants


Message History

The merfolk avatar chants its luring song.
You feel much better.
The pull of its song draws you forwards.
Found a runed spear and a bloodstained trident.
The +9 hand axe "Vustoery" {freeze, rN+} stops glowing.
Your +0 scimitar of flaming bursts into flame!
b - a +0 scimitar of flaming (weapon)
The pull of its song draws you forwards.
You block the eight-headed hydra's attack.
The eight-headed hydra bites you.
* * * LOW HITPOINT WARNING * * *
The eight-headed hydra closely misses you.
The eight-headed hydra bites you!
* * * LOW HITPOINT WARNING * * *
The eight-headed hydra bites you but does no damage.
The eight-headed hydra closely misses you.
The eight-headed hydra bites you!
* * * LOW HITPOINT WARNING * * *
The eight-headed hydra bites you.
You die...

≈≈≈≈h≈ ≈≈:≈ ≈#
≈≈h≈≈$≈≈) #≈.
≈≈P≈$%))≈≈≈.
#≈≈≈≈≈≈≈≈≈P#
#≈≈P#≈#≈≈≈≈#
#≈≈S≈≈≈≈≈≈≈#
#≈≈Sm≈≈≈≈≈8#
#######@#.########
≈≈≈≈≈≈≈≈D≈≈≈≈≈≈≈≈≈
≈≈hP≈≈≈≈D≈≈≈≈≈≈P≈≈
##≈≈##≈≈##≈≈#.≈≈##
#.≈ #.≈≈#.≈≈# ≈≈.#
≈. ..≈≈≈..≈..≈ ≈..
.#...#≈#....≈≈# #D
...### #....## ...
#...##


You could see a merfolk avatar, 2 eight-headed hydras, a black mamba, a water
moccasin and 3 wolves.

Vanquished Creatures
  8 hydras
  9 death yaks
  An orc knight (D:12)
  2 ugly things
  Maurice (D:8)
  Psyche (D:8)
  9 black mambas
  10 spiny frogs
  2 rime drakes
  9 komodo dragons
  2 trolls
  A polar bear (Lair:6)
  A hornet (Lair:6)
  22 blink frogs
  Prince Ribbit (D:6)
  6 hippogriffs
  Sigmund (D:6)
  A vampire (D:10)
  23 yaks
  2 wyverns
  A hungry ghost (D:12)
  A basilisk (Lair:4)
  Grum (D:9)
  3 wargs (D:9)
  17 water moccasins
  10 porcupines
  7 orc warriors
  3 ice beasts
  A sky beast (D:8)
  23 wolves
  8 ogres
  2 necrophages (D:10)
  4 centaurs
  17 crocodiles
  4 big kobolds
  9 bullfrogs
  3 scorpions
  8 killer bees (D:10)
  4 wights (D:6)
  2 howler monkeys
  5 crimson imps
  5 hounds
  3 bullfrog zombies
  A centaur zombie (D:11)
  11 orc priests
  4 jellies
  2 bullfrog skeletons
  13 orc wizards
  2 centaur skeletons
  Jessica (D:3)
  5 iguanas
  5 worker ants
  2 hound zombies
  A hound skeleton (D:4)
  14 gnolls
  4 river rats (Sewer)
  21 adders
  2 howler monkey skeletons
  8 oozes
  3 adder skeletons
  2 worms (D:2)
  A dart slug (D:1)
  7 leopard geckos
  74 orcs
  7 ball pythons
  3 giant cockroaches
  9 goblins
  3 hobgoblins
  26 jackals
  3 quokkas
  7 bats
  11 frilled lizards
  A jackal skeleton (D:4)
  A jackal zombie (D:6)
  24 kobolds
  A quokka skeleton (D:4)
  7 rats
  6 fungi
545 creatures vanquished.

Vanquished Creatures (others)
  2 bushes (Lair:6)
  6 fungi
  19 plants (Lair:6)
27 creatures vanquished.

Grand Total: 572 creatures vanquished

Notes
Turn   | Place    | Note
-------+----------+-------------------------------------------
     0 | D:1      | harcile the Hill Orc Fighter began the quest for the Orb.
     0 | D:1      | Reached XP level 1. HP: 19/19 MP: 1/1
   102 | D:1      | You fall into a shaft and drop 1 floor!
   146 | D:1      | Reached XP level 2. HP: 25/27 MP: 2/2
   403 | D:1      | Reached XP level 3. HP: 30/33 MP: 3/3
   806 | D:2      | Reached skill level 1 in Dodging
   806 | D:2      | Reached XP level 4. HP: 40/40 MP: 4/4
  1227 | D:3      | Found a glowing drain.
  1236 | Sewer    | Entered a sewer
  1258 | Sewer    | Reached XP level 5. HP: 22/47 MP: 5/5
  1500 | Sewer    | Noticed a big kobold
  1515 | Sewer    | Killed a big kobold
  1574 | Sewer    | Reached XP level 6. HP: 49/55 MP: 6/6
  1713 | Sewer    | Reached skill level 5 in Fighting
  1840 | D:3      | Noticed Jessica
  1861 | D:3      | Killed Jessica
  1897 | D:3      | Reached skill level 5 in Long Blades
  2131 | D:3      | Reached XP level 7. HP: 61/61 MP: 7/7
  2330 | D:4      | Reached skill level 5 in Shields
  3511 | D:4      | Found an ornate altar of the Wu Jian Council.
  3522 | D:4      | Found an opulent altar of Gozag.
  3550 | D:5      | Entered Level 5 of the Dungeon
  3659 | D:5      | Reached XP level 8. HP: 13/69 MP: 8/8
  3695 | D:5      | Got a translucent hand axe
  3696 | D:5      | Identified the +9 hand axe "Vustoery" {freeze, rN+} (You
                  | found it on level 5 of the Dungeon)
  3708 | D:5      | Reached skill level 5 in Armour
  3712 | D:5      | Found an ancient bone altar of Kikubaaqudgha.
  3827 | D:5      | Found a shimmering blue altar of Sif Muna.
  3829 | D:5      | Found a radiant altar of Vehumet.
  3833 | D:5      | Identified Sif Muna's Incunabulum of the Voyage
  4241 | D:5      | Reached skill level 1 in Axes
  4268 | D:5      | Reached skill level 2 in Axes
  4546 | D:6      | Found a staircase to the Ecumenical Temple.
  4554 | D:6      | Reached skill level 3 in Axes
  4655 | D:6      | Reached skill level 4 in Axes
  5005 | D:6      | Noticed Sigmund
  5023 | D:6      | Reached skill level 5 in Axes
  5023 | D:6      | Reached skill level 1 in Stealth
  5023 | D:6      | Reached XP level 9. HP: 70/75 MP: 9/9
  5031 | D:6      | Killed Sigmund
  5034 | D:6      | Reached skill level 6 in Axes
  5763 | D:7      | Reached skill level 7 in Axes
  6149 | D:7      | Reached skill level 8 in Axes
  6604 | D:7      | Reached XP level 10. HP: 56/84 MP: 10/10
  6610 | D:7      | Reached skill level 9 in Axes
  6740 | D:7      | Noticed Prince Ribbit
  6765 | D:6      | Killed Prince Ribbit
  6942 | Temple   | Entered the Ecumenical Temple
  7158 | Temple   | Became a worshipper of Trog the Wrathful
  7707 | D:8      | Found a white marble altar of Elyvilon.
  7860 | D:8      | Noticed Maurice
  7863 | D:8      | Paralysed by Maurice for 4 turns
  7878 | D:8      | Paralysed by something for 3 turns
  7893 | D:8      | Killed Maurice
  7893 | D:8      | Reached skill level 10 in Axes
  7907 | D:8      | Noticed Psyche
  7915 | D:8      | Killed Psyche
  7935 | D:8      | Found a shadowy altar of Dithmenos.
  7936 | D:8      | Found a hazy altar of Hepliaklqana.
  8063 | D:9      | Found a staircase to the Lair.
  8214 | D:9      | Found a blossoming altar of Fedhas.
  8225 | D:9      | Noticed an oklob plant
  8313 | D:9      | Noticed Grum
  8318 | D:9      | Reached * piety under Trog
  8318 | D:9      | Reached skill level 11 in Axes
  8329 | D:9      | Killed Grum
  8660 | D:9      | You fall into a shaft and drop 3 floors!
  8754 | D:12     | Found a roughly hewn altar of Beogh.
  8754 | D:12     | Found a staircase to the Orcish Mines.
  8791 | D:12     | Noticed an orc knight
  8808 | D:12     | Reached XP level 11. HP: 68/94 MP: 11/11
  8829 | D:12     | Killed an orc knight
  9212 | D:12     | Noticed a white ugly thing
  9224 | D:12     | Killed a white ugly thing
  9363 | D:11     | Reached ** piety under Trog
  9394 | D:11     | Noticed a red ugly thing
  9406 | D:11     | Killed a red ugly thing
  9406 | D:11     | Reached skill level 12 in Axes
  9500 | D:10     | Entered Level 10 of the Dungeon
 10365 | D:10     | Found a roughly hewn altar of Beogh.
 10382 | D:10     | Reached *** piety under Trog
 10488 | D:10     | Found Xorph's Book Boutique.
 10908 | Lair:1   | Entered Level 1 of the Lair of Beasts
 10954 | Lair:1   | Reached skill level 13 in Axes
 10992 | Lair:1   | Reached **** piety under Trog
 11237 | Lair:1   | Reached XP level 12. HP: 104/105 MP: 12/12
 11352 | Lair:1   | Found a shimmering blue altar of Sif Muna.
 11352 | Lair:1   | Noticed a five-headed hydra
 11379 | Lair:1   | Killed a one-headed hydra
 11839 | Lair:1   | Got a warped flail
 11840 | Lair:1   | Identified the +7 flail of Gatra {drain, MR++ Str-3 Stlth+}
                  | (You found it on level 1 of the Lair of Beasts)
 12233 | Lair:2   | Reached skill level 10 in Fighting
 12233 | Lair:2   | Reached skill level 14 in Axes
 12237 | Lair:2   | Noticed a seven-headed hydra
 12261 | Lair:2   | Killed a two-headed hydra
 13134 | Lair:2   | Reached skill level 10 in Armour
 13226 | Lair:2   | Reached skill level 10 in Shields
 13234 | Lair:2   | Noticed a six-headed hydra
 13245 | Lair:2   | Killed a one-headed hydra
 13573 | Lair:2   | Found a staircase to the Swamp.
 13574 | Lair:2   | Noticed a five-headed hydra
 13585 | Lair:2   | Killed a one-headed hydra
 13788 | Lair:2   | Found a staircase to the Snake Pit.
 13929 | Lair:2   | Noticed a seven-headed hydra
 13942 | Lair:2   | Killed a one-headed hydra
 13942 | Lair:2   | Reached XP level 13. HP: 73/114 MP: 13/13
 14470 | Lair:3   | Found a white marble altar of Elyvilon.
 14619 | Lair:3   | Reached ***** piety under Trog
 15415 | Lair:4   | Reached skill level 5 in Dodging
 15826 | Lair:4   | Reached skill level 15 in Axes
 15833 | Lair:4   | Received a gift from Trog
 16727 | Lair:5   | You fall into a shaft and drop 1 floor!
 16727 | Lair:6   | Entered Level 6 of the Lair of Beasts
 16762 | Lair:6   | Reached XP level 14. HP: 83/126 MP: 14/14
 16885 | Lair:6   | HP: 4/127 [yak (8)]
 17298 | Lair:6   | Paralysed by a floating eye for 4 turns
 17313 | Lair:6   | HP: 2/127 [eight-headed hydra (10)]
 17313 | Lair:6   | Slain by an eight-headed hydra

Levels and vault maps discovered:
D:1:      scummos_arrival_star, layout_loops_ring
D:2:      layout_rooms, first_ration
D:3:      layout_rooms, portal_sewer_entry_d, uniq_jessica
D:4:      layout_basic, amethyst_overflow_temple_binary
D:5:      layout_cave_pools, grunt_temple_overflow_magic_moments,
          minmay_diced_spiral
D:6:      layout_loops_cross, minmay_temple_entry_trees, uniq_sigmund
D:7:      layout_layer_cave, uniq_prince_ribbit1
D:8:      layout_basic, grunt_temple_overflow_open, uniq_psyche, uniq_maurice
D:9:      layout_long_grid, tgw_fedhas, erik_lair_orcish_takeover, uniq_grum
D:10:     layout_roguey [special_room_orc], serial_shops, kennysheep_little_box,
          hangedman_little_slice_of_home, minivault_11
D:11:     layout_cave_pools, serial_co_window_serial, co_window_paths_a,
          co_window_corner_a, co_window_paths_a, co_window_cross_1,
          co_window_cross_1, co_window_corner_a, co_window_corner_a,
          co_window_broadway_b, co_window_cross_4, co_window_unsneaky_path_c,
          co_window_corner_ca, grunt_ministairs_10, st_stairs_7
D:12:     layout_roguey, david_orc_5, minmay_quadrilaterals, uniq_kirke
Temple:   nicolae_temple_figure_eight
Lair:1:   layout_cave_pods, basic_altar, beast_lair_carwin_4
Lair:2:   layout_roguey, palyth_hydra_swamp_entry,
          minmay_snake_entry_six_corridors, grunt_megastairs_4,
          lemuel_fruit_tree
Lair:3:   layout_roguey, basic_altar, grunt_megastairs_2
Lair:4:   layout_regular_city
Lair:5:   layout_long_grid
Lair:6:   gammafunk_lair_ancient_temple, layout_loops_ring, slime_altar_1,
          disabler_island

Skill      XL: |  1  2  3  4  5  6  7  8  9 10 11 12 13 14 |
---------------+-------------------------------------------+-----
Fighting       | 4 5 6 7 9 10 12 | 12.6
Long Blades    | 3 4 5 6 7 8 |  8.6
Dodging        | 1 2 3 4 5 |  5.1
Armour         | 4 5 7 8 9 10 11 12 | 12.1
Shields        | 4 5 6 8 9 10 11 12 | 12.3
Axes           | 5 8 11 13 14 15 | 15.4
Stealth        | 1 2 |  2.1

Action                   |  1- 3 |  4- 6 |  7- 9 | 10-12 | 13-15 || total
-------------------------+-------+-------+-------+-------+-------++-------
Melee: Long sword        |   116 |   201 |   248 |       |       ||   565
       Hand axe          |       |       |   247 |   624 |   416 ||  1287
       Scimitar          |       |       |       |    56 |    17 ||    73
  Use: Scroll            |       |     5 |       |    16 |     3 ||    24
       Potion            |       |     2 |       |     4 |     4 ||    10
 Stab: Distracted        |       |       |     1 |     1 |       ||     2
  Eat: Chunk             |       |     5 |    15 |    24 |     8 ||    52
       Ration            |       |       |       |       |     1 ||     1
Armor: Scale mail        |    52 |    70 |   177 |    35 |       ||   334
       Skin              |       |       |       |    29 |       ||    29
       Chain mail        |       |       |       |   157 |   114 ||   271
Dodge: Dodged            |    30 |    58 |   188 |   157 |    86 ||   519
Block: Shield            |    60 |   118 |   295 |   343 |   160 ||   976
       Rpst.: Long sword |    16 |    25 |    28 |       |       ||    69
       Scimitar          |       |       |       |     2 |     2 ||     4
